 Dungeon Crawl Stone Soup version 0.29.1-13-g9f3cf754e1 (webtiles) character file.

Game seed: 10527038174772415789

13 protoss039 the Digger (level 2, 15/21 HPs)
             Began as a Demonspawn Earth Elementalist on Feb 11, 2023.
             Got out of the dungeon alive.
             The game lasted 00:00:14 (118 turns).

protoss039 the Digger (DsEE)                         Turns: 118, Time: 00:00:15

Health: 15/21      AC:  2    Str:  8    XL:     2   Next: 24%
Magic:  5/5        EV: 12    Int: 16    God:
Gold:   10         SH:  4    Dex: 13    Spells: 4/5 levels left

rFire   . . .      SeeInvis .   (no weapon)
rCold   . . .      Faith    .   (no shield)
rNeg    . . .      Spirit   .   a - +0 robe
rPois   .          Reflect  .   (no helmet)
rElec   .          Harm     .   (no cloak)
rCorr   .          Rampage  .   (no gloves)
Will    .....                   (no boots)
Stlth   ++........              (no amulet)
HPRegen 0.07/turn               (no ring)
MPRegen 0.09/turn               (no ring)

@: no status effects
A: condensation shield
a: no special abilities


You escaped.
You visited 1 branch of the dungeon, and saw 1 of its levels.

You collected 10 gold pieces.

Inventory:

Armour
 a - a +0 robe (worn)
Scrolls
 d - a scroll of noise {unknown}
Potions
 b - a potion of magic
 c - a potion of attraction {unknown}
 e - 2 potions of flight {unknown}


   Skills:
 + Level 1.0 Fighting
 - Level 1.7 Dodging
 - Level 1.7 Stealth
 + Level 2.2 Spellcasting
 - Level 0.8 Transmutations
 + Level 2.9 Earth Magic


You had 4 spell levels left.
You knew the following spells:

 Your Spells              Type           Power      Damage    Failure   Level
a - Sandblast             Erth           22%        2d7       6%          1

Your spell library contained the following spells:

 Spells                   Type           Power      Damage    Failure   Level
 Passwall                 Tmut/Erth      5%         N/A       14%         2
 Stone Arrow              Conj/Erth      12%        3d7       32%         3
 Petrify                  Tmut/Erth      7%         N/A       67%         4


Dungeon Overview and Level Annotations

Branches:
Dungeon (1/15) Zot: 5880

Altars:


Innate Abilities, Weirdness & Mutations

A meltable shield of frost defends you. (SH +4)


Message History

Aim: a hobgoblin (82% to hit)
The blast of sand hits the hobgoblin.
You kill the hobgoblin!
Unknown command.
Casting: Sandblast (safe; 6% risk of failure)
Confirm with . or Enter, or press ? or * to list all spells.
You don't have enough magic to cast this spell.
Unknown command.
Unknown command.
Casting: Sandblast (safe; 6% risk of failure)
Confirm with . or Enter, or press ? or * to list all spells.
You don't have enough magic to cast this spell.
Unknown command.
The quokka twitches its whiskers.
The quokka attacks as you move away! The quokka bites you.
You closely miss the quokka. You block the quokka's attack.
You hit the quokka.
The quokka is moderately wounded.
You block the quokka's attack.
You closely miss the quokka.
The quokka is moderately wounded.
The quokka bites you. The quokka misses you.
You hit the quokka.
The quokka is severely wounded.
The quokka barely misses you.
You miss the quokka.
The quokka is severely wounded.
The quokka misses you.
You hit the quokka.
The quokka is almost dead.
The quokka bites you but does no damage.
You hit the quokka.
You kill the quokka!
Your Fighting skill increases to level 1!
You see here a quokka corpse.
You see here a quokka corpse.
Magic restored.
There is a staircase leading out of the dungeon here.
Are you sure you want to leave the Dungeon?
This will make you lose the game!
You have escaped!

#)#.## #.#..##
#.##..### #.##..##.
#..#..8#.#####
##....##.....####
##...##........###
##..##......#...#
#..8#......#.@.#
#..##...≈≈.#...#
#.†##...≈≈.###...
#..##........####..
#..8#.###############
#..##...............#
#..###.##############
#..###.# #..8##.#


There were no monsters in sight!

Vanquished Creatures
  A gnoll (D:1)
  A hobgoblin (D:1)
  A quokka (D:1)
3 creatures vanquished.

Notes
Turn   | Place    | Note
-------+----------+-------------------------------------------
     0 | D:1      | protoss039 the Demonspawn Earth Elementalist began the
                  | quest for the Orb.
     0 | D:1      | Reached XP level 1. HP: 13/13 MP: 3/3
    63 | D:1      | Gained mutation: A meltable shield of frost defends you.
                  | (SH +4) [demonic ancestry]
    63 | D:1      | Reached XP level 2. HP: 20/20 MP: 1/5
    81 | D:1      | Reached skill level 1 in Fighting
   118 | D:$      | Got out of the dungeon alive.

Illustrated notes

Levels and vault maps discovered:
D:1:      amcnicky_arrival_double_pillar, layout_rooms, basic_ecumenical_altar,
          chequers_hall_statues_wall_a, chequers_serial_rivers_small_3,
          solitary_fountain

Skill      XL: |  1  2 |
---------------+-------+-----
Fighting       | 1 |  1.0
Dodging        | |  1.7
Stealth        | |  1.7
Spellcasting   | |  2.2
Transmutations | |  0.8
Earth Magic    | |  2.9

Action                   || total
-------------------------++-------
Melee: Unarmed           ||     7
 Cast: Sandblast         ||     3
Armor: Robe              ||     1
Dodge: Dodged            ||     3
Block: Other             ||     2
